 Dungeon Crawl Stone Soup version 0.30-a0-1082-g70414cbcbb (webtiles) character file.

Game seed: 2277234871577221097

9075 CryoSword the Arsonist (level 10, -4/70 (83) HPs)
             Began as a Demigod Fire Elementalist on Apr 14, 2023.
             Slain by a spectral orc warrior
             ... wielding a +4 flail of protection
             ... summoned by Nergalle
              (6 damage)
             ... on level 10 of the Dungeon.
             The game lasted 00:20:08 (13677 turns).

CryoSword the Arsonist (Demigod Fire Elementalist) Turns: 13677, Time: 00:20:09

HP:   -4/70 (83)    AC:  8    Str: 13    XL:     10   Next: 98%
MP:   7/18          EV: 11    Int: 25    God:
Gold: 367           SH:  5    Dex: 14    Spells: 8/15 levels left

rFire   + . .      SeeInvis .    U - +3 morningstar
rCold   + . .      Faith    .    K - +0 buckler
rNeg    . . .      Spirit   .    n - +2 leather armour {rC+}
rPois   .          Reflect  .    d - +0 helmet
rElec   .          Rampage  .    (no cloak)
rCorr   .                        (no gloves)
Will    +....                    y - +1 pair of boots
Stlth   ++                       (no amulet)
HPRegen 0.31/turn                h - ring of protection from cold
MPRegen 0.16/turn                s - ring of fire

@: heavily drained
A: high MP 1, forlorn, divine attributes
a: no special abilities


You were on level 10 of the Dungeon.
You visited 1 branch of the dungeon, and saw 10 of its levels.
You also visited: Sewer.

You collected 367 gold pieces.

Inventory:

Hand Weapons
 U - a +3 morningstar (weapon)
   (You took it off a wight on level 9 of the Dungeon)
Missiles
 i - 18 poisoned darts
 k - 2 curare-tipped darts
 r - 13 boomerangs
 I - 6 atropa-tipped darts
Armour
 d - a +0 helmet (worn)
   (You took it off Robin on level 2 of the Dungeon)
 g - a +0 kite shield
   (You found it on level 1 of the Dungeon)
 n - a +2 leather armour of cold resistance (worn)
   (You found it on level 2 of the Dungeon)
 y - a +1 pair of boots (worn)
   (You found it on level 5 of the Dungeon)
 K - a +0 buckler (worn)
   (You took it off a gnoll sergeant on level 7 of the Dungeon)
Magical Staves
 e - a staff of conjuration
   (You took it off an orc on level 3 of the Dungeon)
Jewellery
 h - a ring of protection from cold (left hand)
   (You found it on level 1 of the Dungeon)
 o - a ring of ice
   (You found it on level 4 of the Dungeon)
 s - a ring of fire (right hand)
   (You found it on level 3 of the Dungeon)
 B - a +4 ring of protection
   (You found it on level 6 of the Dungeon)
 T - a ring of resist corrosion
   (You took it off a wight on level 9 of the Dungeon)
Wands
 t - a wand of digging (4)
   (You took it off Jessica on level 3 of the Dungeon)
 v - a wand of roots (19)
   (You found it on level 4 of the Dungeon)
 H - a wand of mindburst (18) (quivered)
   (You found it on level 6 of the Dungeon)
 M - a wand of paralysis (13)
   (You took it off Pikel on level 6 of the Dungeon)
Scrolls
 a - 3 scrolls of teleportation {@r4}
 c - 3 scrolls of magic mapping
 f - 3 scrolls of poison {!r}
 j - 4 scrolls of fog
 m - 2 scrolls of amnesia {unknown}
 q - a scroll of enchant weapon {unknown}
 u - 3 scrolls of immolation {!r}
 A - a scroll of silence
 C - a scroll of acquirement {unknown}
 E - 2 scrolls of blinking {unknown}
 F - 2 scrolls of enchant armour {unknown}
 G - a scroll of butterflies {unknown}
 O - a scroll of vulnerability {unknown}
 P - a scroll of torment {unknown}
Potions
 b - 2 potions of magic
 l - a potion of ambrosia {unknown}
 p - 3 potions of mutation {!q}
 w - a potion of might {unknown}
 x - 2 potions of flight {unknown}
 z - a potion of attraction {unknown}
 D - a potion of resistance {unknown}
 J - a potion of lignification {!q}
 L - a potion of brilliance {unknown}
 R - a potion of invisibility {unknown}
 S - 4 potions of curing {@q1}


   Skills:
 + Level 5.7 Fighting
 - Level 4.4(5.3) Maces & Flails
 * Level 4.3(5.2) Staves
 - Level 1.7 Dodging
 - Level 1.7 Stealth
 + Level 5.7 Shields
 + Level 3.4 Spellcasting
 + Level 8.0 Conjurations
 + Level 8.4 Fire Magic
 + Level 2.7 Evocations


You had 8 spell levels left.
You knew the following spells:

 Your Spells              Type           Power      Damage    Failure   Level
a - Foxfire               Conj/Fire      100%       2x1d9     1%          1
b - Scorch                Fire           100%       2d9       1%          2
c - Flame Wave            Conj/Fire      62%        2d14      5%          4

Your spell library contained the following spells:

 Spells                   Type           Power      Damage    Failure   Level
 Inner Flame              Hex/Fire       38%        N/A       9%          3
 Volatile Blastmotes      Fire/Tloc      76%        2d16      9%          3
 Hailstorm                Conj/Ice       24%        3d7       10%         3
 Freeze                   Ice            16%        1d4       16%         1
 Sting                    Tmut/Pois      16%        1d3       16%         1
 Lesser Beckoning         Tloc           8%         N/A       24%         2
 Poisonous Vapours        Pois/Air       8%         N/A       24%         2
 Frozen Ramparts          Ice            8%         1d2       43%         3
 Gell's Gravitas          Tloc           4%         N/A       43%         3
 Teleport Other           Tloc           4%         N/A       43%         3
 Olgreb's Toxic Radiance  Pois           4%         N/A       85%         4


Dungeon Overview and Level Annotations

Branches:
Dungeon (10/15)            Temple (0/1) D:7           Sewer (visited)
   Lair: D:8-11         Orc: D:9-12

Shops:
D:7 (

Annotations:
D:9 exclusion: ice statue
D:10 Nergalle, Urug


Innate Abilities, Weirdness & Mutations

You have an increased reservoir of magic. (+10% MP)
You shall have no god before yourself.
Your divine heritage dramatically boosts your attributes as you level up.


Message History

The spectral orc warrior hits you but does no damage.
The spectral orc hits you but does no damage.
Nergalle asks, "There's a tasty morsel, hm?"
Nergalle hits you but does no damage.
You hit Nergalle but do no damage.
You block the spectral orc warrior's attack.
You block the spectral orc's attack.
The spectral orc hits you but does no damage.
The spectral orc warrior hits you but does no damage.
Nergalle hits you but does no damage.
The spectral orc hits you but does no damage. x2
The spectral orc warrior hits you with a +4 flail of protection.
You closely miss Nergalle. Nergalle hits you but does no damage.
The spectral orc warrior hits you but does no damage.
The spectral orc hits you but does no damage. x2
Nergalle asks, "There's a tasty morsel, hm?"
Nergalle casts a spell at the spectral orc.
The spectral orc seems to speed up.
The spectral orc warrior hits you but does no damage.
You closely miss Nergalle.
The spectral orc hits you but does no damage.
The spectral orc warrior hits you with a +4 flail of protection.
The spectral orc hits you but does no damage.
You block the spectral orc's attack. Nergalle hits you but does no damage.
The spectral orc warrior hits you but does no damage.
You hit Nergalle but do no damage.
The spectral orc hits you but does no damage. x2
You block the spectral orc warrior's attack.
Nergalle hits you with a +0 dagger.
The spectral orc hits you with a +0 dagger.
You closely miss Nergalle.
You block the spectral orc warrior's attack.
The spectral orc barely misses you.
The spectral orc hits you but does no damage.
The spectral orc warrior hits you with a +4 flail of protection.
You feel drained. Nergalle casts a spell at you.
Orcish apparitions take form around you.
The spectral orc hits you but does no damage.
The spectral orc barely misses you.
You hit Nergalle but do no damage.
Your transformation is almost over.
The spectral orc warrior hits you but does no damage.
You block the spectral orc's attack. Nergalle hits you but does no damage.
The spectral orc warrior barely misses you.
You block the spectral orc's attack.
You block the spectral orc knight's attack.
The spectral orc hits you but does no damage.
Nergalle hits you with a +0 dagger.
You thump Nergalle!
You block the spectral orc warrior's attack.
You block the spectral orc's attack.
The spectral orc hits you but does no damage.
The spectral orc warrior hits you with a +4 flail of protection.
* * * LOW HITPOINT WARNING * * *
You feel drained.
The spectral orc knight hits you but does no damage.
Nergalle hits you with a +0 dagger.
* * * LOW HITPOINT WARNING * * *
The spectral orc hits you with a +0 dagger.
* * * LOW HITPOINT WARNING * * *
You feel drained.
You hit Nergalle.
The spectral orc warrior hits you with a +4 flail of protection.
* * * LOW HITPOINT WARNING * * *
You feel drained.
* * * LOW HITPOINT WARNING * * *
The spectral orc hits you but does no damage. x2
The spectral orc knight hits you but does no damage.
You block Nergalle's attack.
You block the spectral orc warrior's attack.
The spectral orc completely misses you.
Unknown command.
You barely miss Nergalle.
The spectral orc hits you but does no damage.
The spectral orc warrior hits you but does no damage.
The spectral orc knight hits you but does no damage.
You block the spectral orc's attack. Nergalle hits you but does no damage.
The spectral orc warrior hits you but does no damage.
The spectral orc hits you but does no damage.
The spectral orc knight hits you but does no damage.
You barely miss Nergalle.
The spectral orc hits you but does no damage.
You block the spectral orc warrior's attack.
Nergalle hits you but does no damage. You block the spectral orc's attack.
The spectral orc hits you but does no damage.
The spectral orc warrior hits you but does no damage.
The spectral orc knight hits you from afar with a +0 glaive.
* * * LOW HITPOINT WARNING * * *
Nergalle hits you but does no damage.
You barely miss Nergalle. The spectral orc completely misses you.
The spectral orc warrior hits you but does no damage.
The spectral orc hits you but does no damage. x2
The spectral orc knight hits you from afar with a +0 glaive.
* * * LOW HITPOINT WARNING * * *
You feel drained.
* * * LOW HITPOINT WARNING * * *
You block Nergalle's attack.
You block the spectral orc warrior's attack.
Unknown command.
You hit Nergalle but do no damage. You block the spectral orc's attack.
The spectral orc warrior hits you but does no damage.
The spectral orc hits you but does no damage.
The spectral orc knight hits you from afar with a +0 glaive!
* * * LOW HITPOINT WARNING * * *
Nergalle casts a spell at you.
Orcish apparitions take form around you.
The spectral orc hits you with a +0 dagger.
* * * LOW HITPOINT WARNING * * *
You feel drained.
The spectral orc warrior hits you with a +4 flail of protection.
* * * LOW HITPOINT WARNING * * *
You feel drained.
* * * LOW HITPOINT WARNING * * *
The spectral orc hits you but does no damage.
Aim: Nergalle, wielding a +0 dagger and wearing a +2 robe of fire resistance (heavily wounded, chance to affect: 41%) Nergalle resists with some effort.
You block the spectral orc's attack.
The spectral orc knight hits you from afar with a +0 glaive!
* * * LOW HITPOINT WARNING * * *
Nergalle hits you but does no damage.
The spectral orc warrior hits you but does no damage.
The spectral orc hits you but does no damage.
The spectral orc completely misses you.
Aim: Nergalle, wielding a +0 dagger and wearing a +2 robe of fire resistance (heavily wounded, chance to affect: 41%) Nergalle resists with some effort.
You feel less wooden.
Your +0 helmet unmelds from your body.
Your +1 pair of boots unmelds from your body.
Your +2 leather armour of cold resistance unmelds from your body.
You feel resistant to cold.
The spectral orc warrior barely misses you.
You block the spectral orc knight's attack.
Nergalle hits you with a +0 dagger.
* * * LOW HITPOINT WARNING * * *
The spectral orc hits you but does no damage.
The spectral orc warrior hits you with a +4 flail of protection!
* * * LOW HITPOINT WARNING * * *
The spectral orc closely misses you.
Aim: Nergalle, wielding a +0 dagger and wearing a +2 robe of fire resistance (heavily wounded, chance to affect: 41%) Nergalle's mind is blasted!!
The spectral orc closely misses you.
You block the spectral orc knight's attack.
Nergalle closely misses you.
The spectral orc warrior barely misses you.
You block the spectral orc's attack. The spectral orc barely misses you.
Aim: Nergalle, wielding a +0 dagger and wearing a +2 robe of fire resistance (almost dead, chance to affect: 41%) Nergalle resists with some effort.
The spectral orc warrior hits you with a +4 flail of protection.
You die...

.. ###..## .... ..# #.###
#..... #.# ##.## .. #.... #.#
##...####### ...#.... #.#
###........... .. ..#.... #.#
#...........##
..###.....####§###.###########
.. #.......#..ZZ#ZZ÷.#
...#.......#.)Zo@#####
...#.......#).ZZ##
....###.....#####
.......#.......#
.......#.......#
.......#g......#
#.....###.......
...#......g#......
#.......#.......


You could see Nergalle, 3 spectral orcs, 3 spectral orc warriors and a spectral
orc knight (summoned).

Vanquished Creatures
  A two-headed ogre (D:10)
  Pikel (D:6)
  Joseph (D:7)
  A troll (D:8)
  Grinder (D:3)
  A wraith (D:9)
  2 wyverns
  17 yaks
  3 water moccasins
  2 orc warriors
  2 ice beasts
  A black bear (D:7)
  A sky beast (D:6)
  2 centaurs (D:9)
  A lemure (D:7)
  2 kobold brigands (Sewer)
  A phantom (D:5)
  3 bullfrogs
  2 scorpions
  3 necrophages (D:8)
  A gnoll sergeant (D:7)
  14 wights
  15 killer bees
  7 howler monkeys
  2 orc priests
  A human zombie (D:8)
  2 jellies (D:6)
  3 hounds
  2 gnoll boudas
  A sleepcap (D:2)
  Jessica (D:3)
  Natasha (thrice) (D:2)
  Terence (D:3)
  2 iguanas
  5 orc wizards
  A killer bee zombie (D:8)
  5 mummies (D:8)
  Robin (D:2)
  11 gnolls
  10 adders
  4 river rats
  2 white imps
  2 ufetubi (D:5)
  A worm (D:6)
  2 dart slugs
  30 orcs
  5 ball pythons
  5 endoplasms
  2 giant cockroaches
  19 goblins
  8 hobgoblins
  4 jackals
  5 kobolds
  4 quokkas
  6 bats
  10 frilled lizards
  11 rats
256 creatures vanquished.

Vanquished Creatures (collateral kills)
  4 foxfires (Sewer)
4 creatures vanquished.

Vanquished Creatures (others)
  575 foxfires
  12 plants (Sewer)
587 creatures vanquished.

Grand Total: 847 creatures vanquished

Notes
Turn   | Place    | Note
-------+----------+-------------------------------------------
     0 | D:1      | CryoSword the Demigod Fire Elementalist began the quest for
                  | the Orb.
     0 | D:1      | Reached XP level 1. HP: 14/14 MP: 5/5
    55 | D:1      | Reached skill level 1 in Conjurations
   321 | D:1      | Reached XP level 2. HP: 20/20 MP: 5/7
   703 | D:1      | Learned a level 2 spell: Scorch
  1069 | D:1      | Reached XP level 3. HP: 26/26 MP: 5/8
  1387 | D:2      | Noticed Natasha
  1397 | D:2      | Killed Natasha
  1480 | D:2      | Identified the +1 scale mail "Yjeedur" {Str+2}
  1716 | D:2      | Noticed Robin
  1818 | D:2      | Killed Robin
  1819 | D:2      | Reached XP level 4. HP: 34/34 MP: 0/9
  1992 | D:2      | Noticed Natasha
  1998 | D:2      | Killed Natasha
  1999 | D:2      | Reached skill level 1 in Fighting
  2122 | D:2      | Noticed Natasha
  2124 | D:2      | Killed Natasha
  2125 | D:2      | Reached skill level 1 in Shields
  2265 | D:3      | Noticed Terence
  2270 | D:3      | Killed Terence
  2271 | D:3      | Reached XP level 5. HP: 40/40 MP: 3/10
  2337 | D:3      | Noticed Jessica
  2341 | D:3      | Killed Jessica
  2472 | D:3      | Identified the +6 dagger of Optimality {flame, rPois Str-2
                  | Int+4}
  3027 | D:3      | Noticed Grinder
  3028 | D:3      | Paralysed by Grinder for 5 turns
  3036 | D:3      | Reached XP level 6. HP: 48/48 MP: 7/11
  3040 | D:3      | Killed Grinder
  3041 | D:3      | Reached skill level 1 in Maces & Flails
  3449 | D:4      | Learned a level 4 spell: Flame Wave
  3451 | D:4      | Reached XP level 7. HP: 53/55 MP: 3/12
  3627 | D:4      | Reached skill level 5 in Fire Magic
  4354 | D:5      | Entered Level 5 of the Dungeon
  4748 | D:5      | Noticed a wyvern
  4752 | D:5      | Killed a wyvern
  5084 | D:5      | Reached skill level 5 in Conjurations
  5084 | D:5      | Reached XP level 8. HP: 63/63 MP: 8/13
  5876 | D:6      | Found a glowing drain.
  5880 | Sewer    | Entered a sewer
  8434 | D:7      | Noticed Pikel
  8504 | D:6      | Paralysed by Pikel for 4 turns
  8509 | D:6      | Killed Pikel
  8510 | D:6      | Reached XP level 9. HP: 53/71 MP: 6/15
  8745 | D:7      | Found a staircase to the Ecumenical Temple.
  8821 | D:7      | You fall into a shaft and drop 3 floors!
  8821 | D:10     | Entered Level 10 of the Dungeon
  9260 | D:7      | Noticed Joseph
  9278 | D:7      | Killed Joseph
  9481 | D:7      | Found Ihausme's Antique Weapon Emporium.
 10346 | D:8      | Reached skill level 1 in Staves
 10435 | D:8      | Reached XP level 10. HP: 80/80 MP: 7/16
 11279 | D:9      | Reached skill level 5 in Shields
 11279 | D:9      | Reached skill level 1 in Evocations
 11467 | D:9      | Reached skill level 5 in Fighting
 12672 | D:9      | Noticed an ice statue
 12997 | D:10     | Noticed Urug
 13360 | D:10     | Noticed a two-headed ogre
 13382 | D:10     | Killed a two-headed ogre
 13621 | D:10     | Noticed Nergalle
 13675 | D:10     | HP: 1/70 [spectral orc warrior/+4 flail of
                  | protection[Nergalle] (7)]
 13677 | D:10     | Slain by a spectral orc warrior

Illustrated notes

Levels and vault maps discovered:
D:1:      onia_arrival_mini_spirals, layout_loops_ring,
          shapermc_ecumenical_altar_starsandcircs,
          chequers_serial_rivers_room_b, minmay_cut_off
D:2:      layout_rooms, uniq_natasha, uniq_robin
D:3:      layout_rooms, grunt_temple_overflow_champion_of_chaos,
          kennysheep_generic_room_15, uniq_terence, uniq_grinder, uniq_jessica
D:4:      layout_basic, moated_statue
D:5:      layout_basic, gammafunk_temple_overflow_wave, minivault_24
D:6:      layout_basic, gup_sewer_entry_spiral, serial_corexii_hall,
          corexii_hall_statues_x, corexii_hall_statues_x,
          chequers_hall_statues_corner_a
D:7:      layout_loops_ring, mainiacjoe_overflow_surrounded_room,
          minmay_temple_entry_grid, serial_shops, nicolae_shop_hallway_plus,
          uniq_joseph, uniq_pikel
D:8:      layout_loops_cross, lemuel_mausoleum_altar_kikubaaqudgha,
          nicolae_zen_rock_garden
D:9:      lemuel_ice_statue, layout_cave_pools, lemuel_crystal_altar,
          hangedman_decor_opposing
D:10:     nicolae_hitomezashi [nicolae_hito_row, nicolae_hito_row,
          nicolae_hito_row, nicolae_hito_row, nicolae_hito_row,
          nicolae_hito_row, nicolae_hito_row, nicolae_hito_row,
          nicolae_hito_row, nicolae_hito_row, nicolae_hito_row,
          nicolae_hito_row, nicolae_hito_row, nicolae_hito_row,
          nicolae_hito_row, nicolae_hito_row, nicolae_hito_row,
          nicolae_hito_row], layout_loops_corners,
          nicolae_overflow_hidden_temple,
          nicolae_dithmenos_through_a_glass_darkly, lemuel_doored_altar,
          lair_entry_dummy, uniq_urug, uniq_nergalle

Skill      XL: |  1  2  3  4  5  6  7  8  9 10 |
---------------+-------------------------------+-----
Conjurations   | 1 2 3 4 5 6 7 8 |  8.0
Fire Magic     | 3 4 5 6 7 8 |  8.4
Fighting       | 1 2 3 4 5 |  5.7
Shields        | 1 2 4 5 |  5.7
Maces & Flails | 1 2 3 4 |  4.4
Spellcasting   | 2 3 |  3.4
Staves         | 1 4 |  4.3
Evocations     | 2 |  2.7
Dodging        | |  1.7
Stealth        | |  1.7

Action                     |  1- 3 |  4- 6 |  7- 9 | 10-12 || total
---------------------------+-------+-------+-------+-------++-------
  Melee: Unarmed           |     4 |       |       |       ||     4
         Mace              |    17 |     1 |       |       ||    18
         Dagger            |     6 |     3 |       |       ||     9
         Flail             |       |    19 |    51 |       ||    70
         Punch             |       |       |     1 |       ||     1
         Whip              |       |       |    17 |       ||    17
         Staff             |       |       |     2 |    19 ||    21
         Morningstar       |       |       |       |    20 ||    20
  Throw: Dart              |       |       |     2 |       ||     2
   Cast: Foxfire           |    53 |    62 |   107 |   118 ||   340
         Scorch            |    17 |    27 |   124 |    48 ||   216
         Flame Wave        |       |       |     8 |    14 ||    22
  Evoke: Wand              |       |       |       |     4 ||     4
    Use: Scroll            |     4 |     1 |     2 |     2 ||     9
         Potion            |       |     1 |     4 |     2 ||     7
   Stab: Sleeping          |     1 |       |       |       ||     1
 Armour: Robe              |     6 |       |       |       ||     6
         Leather armour    |    12 |    19 |    68 |    27 ||   126
         Skin              |       |       |       |    59 ||    59
  Dodge: Dodged            |    43 |    31 |    82 |    48 ||   204
  Block: Kite shield       |     6 |       |       |       ||     6
         Buckler           |       |       |    29 |    42 ||    71

Table legend: (Time is in decaauts)
 A = Elapsed time spent in this place.
 B = Non-inter-level travel time spent in this place.
 C = Inter-level travel time spent in this place.
 D = Time resting spent in this place.
 E = Time spent auto-exploring this place.
 F = Levels seen in this place.
 G = Mean time per level.
                   A        B        C        D        E       F      G
               +--------+--------+--------+--------+--------+-----+--------+
         Total |  13906 |  13511 |    395 |   2411 |   8663 |  11 | 1264.2 |
       Dungeon |  12570 |  12175 |    395 |   2225 |   7803 |  10 | 1257.0 |
         Sewer |   1336 |   1336 |      0 |    186 |    859 |   1 | 1336.0 |
               +--------+--------+--------+--------+--------+-----+--------+

Top non-repeatable levels by time:
     D:9: 1813 daAuts
     D:8: 1630 daAuts
     D:1: 1596 daAuts
     D:6: 1478 daAuts
     D:7: 1432 daAuts
   Sewer: 1336 daAuts
     D:5: 1277 daAuts
     D:2: 1003 daAuts
     D:3: 919 daAuts
     D:4: 855 daAuts
    D:10: 562 daAuts
